 Dungeon Crawl Stone Soup version 0.27-a0-277-g024f7ef292 (webtiles) character file.

Game seed: 11678609304664600086

233 Borgoz the Ruffian (level 6, -1/52 HPs)
             Began as a Ghoul Gladiator on Feb 5, 2021.
             Slain by an orc warrior
             ... wielding a +0 war axe
              (10 damage)
             ... on level 4 of the Dungeon.
             The game lasted 00:03:06 (3218 turns).

Borgoz the Ruffian (Ghoul Gladiator)                Turns: 3218, Time: 00:03:07

Health: -1/52      AC:  7    Str: 18    XL:     6   Next: 5%
Magic:  5/5        EV: 12    Int:  3    God:
Gold:   206        SH:  0    Dex: 12    Spells: 5/5 levels left

rFire    . . .     SeeInvis .     - Unarmed
rCold    + . .     Faith    .   (no shield)
rNeg     + + +     Spirit   .   m - +0 ring mail
rPois    ∞         Reflect  .   b - +1 helmet
rElec    .         Harm     .   (no cloak)
rCorr    +         Rampage  .   (no gloves)
Will     .....                  (no boots)
Stlth    +.........             (no amulet)
HPRegen  0.00/turn              g - ring of resist corrosion
MPRegen  0.09/turn              (no ring)

@: mighty
A: claws 1, cold resistance 1, negative energy resistance 3, inhibited
regeneration, torment resistance, unbreathing
a: no special abilities


You were on level 4 of the Dungeon.
You visited 1 branch of the dungeon, and saw 4 of its levels.

You collected 206 gold pieces.

Inventory:

Missiles
 c - 3 throwing nets (quivered)
Armour
 b - a +1 helmet (worn)
 m - a +0 ring mail (worn)
Jewellery
 g - a ring of resist corrosion (left claw)
Scrolls
 a - 3 scrolls of teleportation
 d - a scroll of magic mapping
 e - a scroll of noise {unknown}
 f - a scroll of fog
 j - 2 scrolls of blinking
Potions
 h - 2 potions of magic
 k - 3 potions of attraction
 n - 5 potions of cancellation


   Skills:
 + Level 3.7 Fighting
 - Level 1.7 Throwing
 + Level 2.3 Armour
 + Level 3.7 Dodging
 + Level 4.6 Unarmed Combat


You had 5 spell levels left.
You didn't know any spells.
Your spell library was empty.

Dungeon Overview and Level Annotations

Branches:
Dungeon (4/15)
 Temple: D:4-7

Altars:
Ashenzari
Elyvilon
Gozag
Nemelex Xobeh
Qazlal
Zin
The Shining One

Shops:
D:4 [


Innate Abilities, Weirdness & Mutations

You thrive by killing the living.
You are immune to poison.
You have sharp fingernails.
Your flesh is cold resistant. (rC+)
You are immune to negative energy. (rN+++)
You do not regenerate when monsters are visible.
You are immune to unholy pain and torment.
You can survive without breathing.


Message History

The orc warrior is severely wounded.
You closely miss the orc warrior.
The orc warrior is severely wounded.
The orc warrior hits you with a +0 war axe!
You are too injured to fight recklessly!
You are too injured to fight recklessly!
You scratch the orc warrior.
The orc warrior is almost dead.
The orc warrior barely misses you.
You are too injured to fight recklessly!
You barely miss the orc warrior.
The orc warrior is almost dead.
The orc warrior hits you with a +0 war axe!
* * * LOW HITPOINT WARNING * * *
You are too injured to fight recklessly!
You scratch the orc warrior but do no damage.
The orc warrior is almost dead.
You feel very mighty all of a sudden.
The orc warrior hits you with a +0 war axe!
You die...

#.8.
##.......###
.#.#..
#....#####
$..#o ##..##
#(8.# #..#
#..oo##..#
#.).##.# #..#.#
.##########o#.#
.......@o{oo..#
###############


You could see an orc warrior and 3 orcs.

Vanquished Creatures
  A scorpion (D:4)
  A bullfrog skeleton (D:4)
  An orc priest (D:4)
  An iguana (D:4)
  2 adders (D:3)
  2 worms
  A dart slug (D:1)
  3 leopard geckos
  3 orcs
  4 giant cockroaches
  3 goblins
  7 hobgoblins
  11 jackals
  9 kobolds
  A quokka (D:4)
  A ball python (D:1)
  7 bats
  4 frilled lizards
  10 rats
72 creatures vanquished.

Vanquished Creatures (others)
  A fungus (D:3)
1 creature vanquished.

Grand Total: 73 creatures vanquished

Notes
Turn   | Place    | Note
-------+----------+-------------------------------------------
     0 | D:1      | Borgoz the Ghoul Gladiator began the quest for the Orb.
     0 | D:1      | Reached XP level 1. HP: 17/17 MP: 0/0
    89 | D:1      | Reached XP level 2. HP: 25/25 MP: 1/1
   763 | D:2      | Reached skill level 1 in Armour
   763 | D:2      | Reached XP level 3. HP: 30/30 MP: 2/2
   885 | D:2      | Found a glowing golden altar of the Shining One.
   902 | D:2      | Found a glowing silver altar of Zin.
  1467 | D:2      | Found a stormy altar of Qazlal.
  1826 | D:3      | Found a broken altar of Ashenzari.
  1992 | D:3      | Reached XP level 4. HP: 28/37 MP: 3/3
  2094 | D:3      | Found a sparkling altar of Nemelex Xobeh.
  2104 | D:3      | Reached skill level 4 in Unarmed Combat
  2341 | D:3      | Found a white marble altar of Elyvilon.
  2781 | D:4      | Reached XP level 5. HP: 37/45 MP: 4/4
  2918 | D:4      | Found Bowewi Filo's Armour Emporium.
  3035 | D:4      | Reached XP level 6. HP: 31/52 MP: 5/5
  3166 | D:4      | Found an opulent altar of Gozag.
  3190 | D:4      | Noticed an orc warrior
  3218 | D:4      | Slain by an orc warrior

Illustrated notes

Levels and vault maps discovered:
D:1:      nzn_arrival_settlement, layout_rooms, minmay_cut_off
D:2:      layout_basic, zin_treasury, overflow_temple_1_default,
          marbit_many_paths
D:3:      minmay_wonky_spiral, layout_basic, elyvilon_altar_1,
          old_standard_altar, minmay_liquid_box, grunt_decor_mini_mirrors,
          ashenzari_altar_1
D:4:      layout_basic, kennysheep_mini, serial_shops, shop, nrook_campfire,
          guppyfry_early_orc_mine

Skill      XL: |  1  2  3  4  5 |
---------------+----------------+-----
Dodging        | 3 |  3.7
Armour         | 1 2 |  2.3
Unarmed Combat | 4 |  4.6
Fighting       | 3 |  3.7
Throwing       | |  1.7

Action                   |  1- 3 |  4- 6 || total
-------------------------+-------+-------++-------
Melee: Unarmed           |   160 |   126 ||   286
       Punch             |     2 |     4 ||     6
  Use: Scroll            |     8 |     4 ||    12
       Potion            |       |     1 ||     1
Armor: Leather armour    |    17 |       ||    17
       Ring mail         |    43 |    52 ||    95
Dodge: Dodged            |   109 |    79 ||   188

Table legend: (Time is in decaauts)
 A = Elapsed time spent in this place.
 B = Non-inter-level travel time spent in this place.
 C = Inter-level travel time spent in this place.
 D = Time resting spent in this place.
 E = Time spent auto-exploring this place.
 F = Levels seen in this place.
 G = Mean time per level.
                   A        B        C        D        E       F      G
               +--------+--------+--------+--------+--------+-----+--------+
         Total |   3197 |   3152 |     45 |    111 |   2498 |   4 |  799.2 |
       Dungeon |   3197 |   3152 |     45 |    111 |   2498 |   4 |  799.2 |
               +--------+--------+--------+--------+--------+-----+--------+

Top non-repeatable levels by time:
     D:2: 1033 daAuts
     D:3: 944 daAuts
     D:1: 731 daAuts
     D:4: 487 daAuts
